 Dungeon Crawl Stone Soup version 0.21-a0-583-g2c32b0f (webtiles) character file.

2813 Coron the Quickloader (level 9, 0/85 HPs)
             Began as a Deep Dwarf Arcane Marksman on Dec 20, 2017.
             Was a Priest of Makhleb.
             Slain by Rohain's ghost (2 damage)
             ... on level 8 of the Dungeon.
             The game lasted 00:32:34 (7399 turns).

Coron the Quickloader (Deep Dwarf Arcane Marksman)  Turns: 7399, Time: 00:32:34

Health: 0/85       AC: 18    Str: 17    XL:     9   Next: 44%
Magic:  9/9        EV: 13    Int: 14    God:    Makhleb [***...]
Gold:   336        SH:  5    Dex: 18    Spells: 9/10 levels left

rFire    . . .     SeeInvis .   w - +0 hand axe (chop)
rCold    . . .     Gourm    .   (no shield)
rNeg     . . .     Faith    .   x - +3 chain mail
rPois    .         Spirit   .   A - +0 helmet
rElec    .         Reflect  +   (no cloak)
rCorr    .         Harm     .   v - +2 pair of gloves
MR       +....                  (no boots)
Stlth    ..........             n - +5 amulet of reflection
HPRegen  0.00/turn              h - ring of loudness (curse)
MPRegen  0.11/turn              (no ring)

@: agile, non-regenerating
A: damage resistance, heal wounds, sense surroundings 2, no regeneration
a: Heal Wounds, Minor Destruction, Lesser Servant of Makhleb, Renounce Religion


You were on level 8 of the Dungeon.
You worshipped Makhleb.
Makhleb was most pleased with you.
You were not hungry.

You visited 1 branch of the dungeon, and saw 8 of its levels.

You collected 508 gold pieces.
You spent 172 gold pieces at shops.

Inventory:

Hand Weapons
 a - a +0 hand crossbow
 o - a +1 flail
 p - the +1 spear "Hutsih" {freeze, rElec rPois rF-}
   (You found it on level 6 of the Dungeon)

   It has been specially enchanted to freeze those struck by it, causing extra
   injury to most foes and up to half again as much damage against particularly
   susceptible opponents.
   It can also slow down cold-blooded creatures.
   It makes you vulnerable to fire.
   It insulates you from electricity.
   It protects you from poison.
 w - a +0 hand axe of chopping (weapon)
 H - a +0 falchion of electrocution
Missiles
 d - 12 bolts
Armour
 v - a +2 pair of gloves (worn)
 x - a +3 chain mail (worn)
 A - a +0 helmet (worn)
 I - a +0 plate armour
Jewellery
 h - a cursed ring of loudness (left hand)
 n - a +5 amulet of reflection (around neck)
 y - an uncursed ring of teleportation
Wands
 b - a wand of flame (5)
 i - a wand of digging (10)
 s - a wand of random effects (24)
Scrolls
 m - 5 scrolls of enchant weapon
 t - 3 scrolls of identify
 B - a scroll of random uselessness {unknown}
 G - a scroll of remove curse
Potions
 e - a potion of resistance {unknown}
 g - a potion of agility
 j - a potion of invisibility {unknown}
 k - a potion of ambrosia {unknown}
 l - 2 potions of cancellation
 r - 3 potions of curing
 u - 2 potions of heal wounds {unknown}
 z - a potion of haste
 D - 2 potions of degeneration {unknown}
 F - a potion of magic {unknown}
 J - a potion of might {unknown}
Books
 c - a book of Debilitation

   Spells                             Type                      Level
   a - Corona                         Hexes                        1
   b - Slow                           Hexes                        2
   c - Inner Flame                    Hexes/Fire                   3
   d - Portal Projectile              Hexes/Translocation          3
   e - Cause Fear                     Hexes                        4
   f - Leda's Liquefaction            Hexes/Earth                  4
 q - a book of Minor Magic

   Spells                             Type                      Level
   a - Magic Dart                     Conjuration                  1
   b - Blink                          Translocation                2
   c - Call Imp                       Summoning                    2
   d - Slow                           Hexes                        2
   e - Conjure Flame                  Conjuration/Fire             3
   f - Mephitic Cloud                 Conjuration/Poison/Air       3
 E - a book of Changes

   Spells                             Type                      Level
   a - Beastly Appendage              Transmutation                1
   b - Sticks to Snakes               Transmutation                2
   c - Spider Form                    Transmutation/Poison         3
   d - Ice Form                       Ice/Transmutation            4
   e - Blade Hands                    Transmutation                5
Comestibles
 f - 13 rations


   Skills:
 + Level 6.7 Fighting
 - Level 4.1 Axes
 + Level 8.6 Crossbows
 - Level 7.0 Armour
 - Level 2.1 Dodging
 - Level 1.0 Spellcasting
 - Level 2.4 Hexes


You had 9 spell levels left.
You knew the following spells:

 Your Spells              Type           Power        Failure   Level  Hunger
a - Corona                Hex            #......      75%         1    ##.....


Dungeon Overview and Level Annotations

Branches:
Dungeon (8/15)             Temple (0/1) D:5
   Lair: D:8-11

Altars:
Cheibriados
Elyvilon
Makhleb
Sif Muna
Uskayaw
Zin

Shops:
D:4 [

Annotations:
D:8 Rohain's ghost, novice HOFi


Innate Abilities, Weirdness & Mutations

You are resistant to damage.
You can heal yourself by infusing magical energy.
You passively map the area around you.
You do not regenerate.


Message History

Rohain's ghost closely misses you.
You hit Rohain's ghost but do no damage.
Rohain's ghost is almost destroyed.
Rohain's ghost hits you!
* * * LOW HITPOINT WARNING * * *
You hit Rohain's ghost but do no damage.
Rohain's ghost is almost destroyed.
Rohain's ghost hits you.
* * * LOW HITPOINT WARNING * * *
You hit Rohain's ghost but do no damage.
Rohain's ghost is almost destroyed.
Rohain's ghost closely misses you. Rohain's ghost hits you!
* * * LOW HITPOINT WARNING * * *
x2 You hit Rohain's ghost but do no damage.
Rohain's ghost is almost destroyed.
Rohain's ghost hits you but does no damage.
You hit Rohain's ghost.
Rohain's ghost is almost destroyed.
Rohain's ghost hits you.
You die...

, .... #)...#,, #............#. ,
...(.,#....#,, #............#.
##.##. ######,.#######...#####.
###.##'##.####..##..###...#.....
#...............#.........#.....
,'..........W?...#.........#.....
######'################'##.....
............................####
..............W@............#..#
*................(...........'..#
*............................#..#
..................(.........#..#
###########'#######(##......#..#
#......#....(#......#..#
#......#....(#......#...
#..<...#.....'......#... * **
###..######..#......####


You could see Rohain's ghost.

Vanquished Creatures
  An unseen horror (D:7)
  Grinder (D:6)
  A hippogriff (D:7)
  An orc warrior (D:8)
  2 ice beasts
  4 ogres
  2 bullfrogs
  A big kobold (D:7)
  A howler monkey (D:7)
  A crimson imp (D:6)
  A jelly (D:7)
  A bullfrog zombie (D:6)
  3 hounds
  8 orc priests
  7 orc wizards
  3 iguanas
  Natasha (twice) (D:3)
  A worker ant (D:4)
  3 worker ant zombies
  7 gnolls
  9 adders
  An ooze (D:1)
  An adder skeleton (D:4)
  3 adder zombies (D:5)
  3 worms
  A dart slug (D:1)
  6 leopard geckos
  29 orcs
  3 giant cockroaches
  6 hobgoblins
  19 jackals
  5 quokkas
  2 ball pythons
  8 bats
  7 frilled lizards
  5 goblins
  9 kobolds
  2 rats
170 creatures vanquished.

Notes
Turn   | Place    | Note
-------+----------+-------------------------------------------
     0 | D:1      | Coron the Deep Dwarf Arcane Marksman began the quest for the Orb.
     0 | D:1      | Reached XP level 1. HP: 16/16 MP: 2/2
   131 | D:1      | Reached skill level 1 in Fighting
   303 | D:1      | Reached XP level 2. HP: 18/25 MP: 3/3
   609 | D:1      | Reached skill level 1 in Armour
  1010 | D:2      | Reached XP level 3. HP: 15/32 MP: 4/4
  1143 | D:2      | Found a burning altar of Makhleb.
  1146 | D:2      | Reached skill level 3 in Crossbows
  1164 | D:2      | Became a worshipper of Makhleb the Destroyer
  1195 | D:2      | Reached XP level 4. HP: 39/39 MP: 5/5
  1249 | D:2      | Found a deep blue altar of Sif Muna.
  1628 | D:3      | Found a snail-covered altar of Cheibriados.
  1832 | D:3      | Reached * piety under Makhleb
  1835 | D:3      | Reached XP level 5. HP: 35/46 MP: 6/6
  1913 | D:3      | Noticed Natasha
  1917 | D:3      | Killed Natasha
  1917 | D:3      | Reached skill level 4 in Crossbows
  2168 | D:3      | Noticed Natasha
  2174 | D:3      | Killed Natasha
  2389 | D:4      | Reached XP level 6. HP: 23/56 MP: 7/7
  3010 | D:4      | Found a hide-covered altar of Uskayaw.
  3010 | D:4      | Found a white marble altar of Elyvilon.
  3344 | D:4      | Reached ** piety under Makhleb
  3344 | D:4      | Reached skill level 1 in Axes
  3344 | D:4      | Reached skill level 5 in Crossbows
  3497 | D:4      | Reached XP level 7. HP: 54/63 MP: 8/8
  3688 | D:4      | Found Uckyex's Antique Armour Shoppe.
  3693 | D:4      | Bought a shiny chain mail for 172 gold pieces
  3748 | D:5      | Entered Level 5 of the Dungeon
  3763 | D:5      | Found a staircase to the Ecumenical Temple.
  4155 | D:5      | Reached skill level 5 in Armour
  4603 | D:6      | Reached XP level 8. HP: 58/72 MP: 9/9
  4771 | D:6      | Noticed Grinder
  4772 | D:6      | Paralysed by Grinder for 6 turns
  4790 | D:6      | Killed Grinder
  4790 | D:6      | Reached skill level 6 in Crossbows
  4816 | D:6      | Found a glowing silver altar of Zin.
  4820 | D:6      | Got a pitted spear
  4821 | D:6      | Identified the cursed +1 spear "Hutsih" {freeze, rElec rPois rF-} (You found it on level 6 of the Dungeon)
  5943 | D:7      | Reached skill level 5 in Fighting
  5997 | D:7      | Noticed a hippogriff
  6011 | D:7      | Killed a hippogriff
  6011 | D:7      | Reached skill level 7 in Crossbows
  6142 | D:7      | Gained mutation: You passively map the area around you. [Deep Dwarf growth]
  6142 | D:7      | Reached XP level 9. HP: 67/81 MP: 10/10
  6389 | D:8      | Reached *** piety under Makhleb
  6544 | D:7      | HP: 1/82 [something (7)]
  6555 | D:7      | Killed an unseen horror
  6555 | D:7      | Reached skill level 8 in Crossbows
  6804 | D:8      | Noticed Rohain's ghost (novice HOFi)
  6845 | D:8      | HP: 1/85 [orc warrior/halberd (15)]
  7330 | D:8      | HP: 1/85 [ogre/giant club (14)]
  7397 | D:8      | HP: 4/85 [Rohain's ghost (4)]
  7399 | D:8      | Slain by Rohain's ghost

Vault maps used:
D:1:      mrwooster_arrival_statue_3, hangedman_decor_points
D:2:      nicolae_overflow_crystal_walls, makhleb_blood_cavern_becter
D:3:      cheibriados_altar_1, uniq_natasha
D:4:      minitemple, serial_shops, shop, hangedman_decor_peaks_small,
          minmay_misc_feat_ornament
D:5:      minmay_temple_entry_statues_pillars, first_ration,
          corexii_checkpoint_a, st_stairs_4
D:6:      lemuel_crystal_altar, uniq_grinder

Skill      XL: |  1  2  3  4  5  6  7  8  9 |
---------------+----------------------------+-----
Fighting       | 1 2 3 4 5 6 |  6.7
Armour         | 1 2 3 4 6 7 |  7.0
Crossbows      | 3 4 5 7 8 |  8.6
Axes           | 1 4 |  4.1
Dodging        | |  2.1
Spellcasting   | |  1.0
Hexes          | |  2.4

Action                   |  1- 3 |  4- 6 |  7- 9 || total
-------------------------+-------+-------+-------++-------
Melee: Dagger            |    62 |    11 |       ||    73
       Flail             |       |    43 |       ||    43
       Hand axe          |       |    28 |   305 ||   333
       Spear             |       |       |    15 ||    15
 Fire: Hand crossbow     |    42 |   170 |   141 ||   353
 Abil: Heal Wounds       |     1 |     1 |     6 ||     8
Evoke: Wand              |       |       |    25 ||    25
  Use: Scroll            |       |     2 |     8 ||    10
       Potion            |       |       |     2 ||     2
  Eat: Chunk             |     1 |     7 |    13 ||    21
Armor: Leather armour    |    13 |     9 |       ||    22
       Ring mail         |       |    43 |       ||    43
       Scale mail        |       |     8 |     8 ||    16
       Chain mail        |       |       |   278 ||   278
Dodge: Dodged            |    47 |   128 |   141 ||   316
Block: Other             |       |    11 |    96 ||   107
       Reflection        |       |       |     3 ||     3

Table legend:
 A = Spawn XP
 B = Non-spawn XP
 C = Spawn XP percentage of total XP
 D = Spawn monster count
 E = Non-spawn monster count
 F = Spawn count percentage of total count
 G = Total turns spent on level
                    A         B        C        D         E        F      G
               +---------+---------+-------+---------+---------+-------+---------
         Total |       0 |    4019 |   0.0 |       0 |     170 |   0.0 |  7399
               +---------+---------+-------+---------+---------+-------+---------
           D:1 |       0 |      38 |   0.0 |       0 |      20 |   0.0 |   982
           D:2 |       0 |     130 |   0.0 |       0 |      21 |   0.0 |   608
           D:3 |       0 |     148 |   0.0 |       0 |      20 |   0.0 |   788
           D:4 |       0 |     478 |   0.0 |       0 |      34 |   0.0 |  1370
           D:5 |       0 |     560 |   0.0 |       0 |      28 |   0.0 |   824
           D:6 |       0 |     654 |   0.0 |       0 |       8 |   0.0 |  1081
           D:7 |       0 |    1540 |   0.0 |       0 |      20 |   0.0 |   899
           D:8 |       0 |     471 |   0.0 |       0 |      19 |   0.0 |   847
               +---------+---------+-------+---------+---------+-------+---------
